 Dungeon Crawl Stone Soup version 0.26-a0-771-g060e6a62af (webtiles) character file.

Game seed: 9115216493892536745

478 willcat the Shield-Bearer (level 6, -9/44 HPs)
             Began as a Demonspawn Gladiator on Nov 8, 2020.
             Mangled by an iguana (11 damage)
             ... on level 7 of the Dungeon.
             The game lasted 00:05:07 (4301 turns).

willcat the Shield-Bearer (Demonspawn Gladiator)    Turns: 4301, Time: 00:05:07

Health: -9/44      AC:  9    Str: 16    XL:     6   Next: 85%
Magic:  6/6        EV: 11    Int: 10    God:
Gold:   226        SH:  5    Dex: 14    Spells: 5/5 levels left

rFire    + . .     SeeInvis +     - Unarmed
rCold    . . .     Faith    .   e - +0 buckler
rNeg     . . .     Spirit   .   n - +0 scale mail
rPois    +         Reflect  .   c - +0 helmet
rElec    .         Harm     .   (no cloak)
rCorr    .         Rampage  .   (no gloves)
MR       .....                  t - +0 pair of boots
Stlth    ..........             (no amulet)
HPRegen  0.14/turn              i - ring of poison resistance
MPRegen  0.10/turn              b - ring of see invisible

@: no status effects
A: claws 1, fire resistance 1
a: no special abilities


You were on level 7 of the Dungeon.
You visited 1 branch of the dungeon, and saw 5 of its levels.

You collected 226 gold pieces.

Inventory:

Missiles
 d - 3 throwing nets (quivered)
Armour
 c - a +0 helmet (worn)
 e - a +0 buckler (worn)
 n - a +0 scale mail (worn)
 t - a +0 pair of boots (worn)
Jewellery
 b - a ring of see invisible (right claw)
 h - an uncursed ring of positive energy
 i - a ring of poison resistance (left claw)
 r - an uncursed ring of wizardry
Scrolls
 a - a scroll of immolation {unknown}
 f - 4 scrolls of identify {unknown}
 g - 3 scrolls of teleportation {unknown}
 l - a scroll of amnesia {unknown}
 m - 3 scrolls of blinking {unknown}
 p - a scroll of remove curse {unknown}
 v - a scroll of fog {unknown}
 w - a scroll of fear {unknown}
Potions
 j - 2 potions of curing
 k - a potion of mutation {unknown}
 o - a potion of heal wounds {unknown}
 q - 2 potions of ambrosia {unknown}
 s - a potion of brilliance {unknown}
 u - a potion of might


   Skills:
 - Level 2.0 Fighting
   Level 3.0 Polearms
 - Level 1.7 Throwing
 + Level 2.9 Armour
 - Level 3.1 Dodging
 + Level 3.5 Shields
 + Level 3.4 Unarmed Combat


You had 5 spell levels left.
You didn't know any spells.
Your spell library was empty.

Dungeon Overview and Level Annotations

Branches:
Dungeon (4/15)
 Temple: D:4-7

Altars:
Xom
The Shining One

Annotations:
D:3 1 runed translucent door, Crazy Yiuf


Innate Abilities, Weirdness & Mutations

You have sharp fingernails.
Your flesh is heat resistant. (rF+)


Message History

The ogre is heavily wounded.
The ogre closely misses you.
You barely miss the ogre.
The ogre is heavily wounded.
You block the ogre's attack.
You closely miss the ogre.
The ogre is heavily wounded.
You closely miss the ogre.
The ogre is heavily wounded.
The ogre closely misses you.
You scratch the ogre.
The ogre is heavily wounded.
The ogre hits you with a +0 giant club!
* * * LOW HITPOINT WARNING * * *
An iguana comes into view.
The iguana hisses angrily.
The iguana bites you.
* * * LOW HITPOINT WARNING * * *
The iguana bites you!
You die...

#........##
#..##....#
#.......####
##.......#.#
.............###
.##.....#......#
#....###O..$..##
##... #.......#
#.... #@l.....#
#... #.#...####
.... ........#
#....#.#.#.#
#....###....#
#..... ....#
#..... ...#
#..... ...


You could see an ogre and an iguana.

Vanquished Creatures
  Sigmund (D:1)
  2 hounds (D:4)
  Jessica (D:2)
  Terence (D:3)
  A worker ant (D:4)
  Robin (D:2)
  5 adders
  2 oozes
  2 dart slugs
  3 leopard geckos
  3 orcs (D:3)
  3 ball pythons
  3 giant cockroaches
  11 hobgoblins
  20 jackals
  7 kobolds
  12 bats
  6 frilled lizards
  13 goblins
  A leopard gecko skeleton (D:4)
  6 rats
104 creatures vanquished.

Vanquished Creatures (others)
  2 plants (D:3)
2 creatures vanquished.

Grand Total: 106 creatures vanquished

Notes
Turn   | Place    | Note
-------+----------+-------------------------------------------
     0 | D:1      | willcat the Demonspawn Gladiator began the quest for the
                  | Orb.
     0 | D:1      | Reached XP level 1. HP: 16/16 MP: 1/1
   220 | D:1      | Gained mutation: You have sharp fingernails. [demonic
                  | ancestry]
   220 | D:1      | Reached XP level 2. HP: 21/22 MP: 2/2
   844 | D:1      | Gained mutation: Your flesh is heat resistant. (rF+)
                  | [demonic ancestry]
   844 | D:1      | Reached XP level 3. HP: 24/27 MP: 3/3
   849 | D:1      | Reached skill level 1 in Shields
   851 | D:1      | Reached skill level 1 in Unarmed Combat
  1608 | D:2      | Reached XP level 4. HP: 31/33 MP: 4/4
  1646 | D:2      | Noticed Jessica
  1665 | D:2      | Killed Jessica
  1757 | D:2      | Reached skill level 1 in Armour
  1764 | D:2      | Noticed Sigmund
  1971 | D:2      | Noticed Robin
  2187 | D:1      | Killed Sigmund
  2187 | D:1      | Reached XP level 5. HP: 6/38 MP: 5/5
  2187 | D:1      | Reached XP level 6. HP: 8/44 MP: 6/6
  2812 | D:2      | Killed Robin
  3184 | D:3      | Found a glowing golden altar of the Shining One.
  3280 | D:3      | Noticed Terence
  3313 | D:3      | Killed Terence
  3809 | D:3      | Found a runed translucent door.
  3810 | D:3      | Noticed Crazy Yiuf
  4268 | D:4      | Found a shimmering altar of Xom.
  4280 | D:4      | Found a shimmering altar of Xom.
  4281 | D:4      | Found a shimmering altar of Xom.
  4281 | D:4      | Found a shimmering altar of Xom.
  4281 | D:4      | You fall into a shaft and drop 3 floors!
  4300 | D:7      | HP: 2/44 [iguana (5)]
  4301 | D:7      | Mangled by an iguana

Illustrated notes

Levels and vault maps discovered:
D:1:      dpeg_arrival_castle, layout_loops_ring
D:2:      layout_basic, minmay_bisected, uniq_jessica, uniq_robin, uniq_sigmund
D:3:      layout_loops_ring, tso_oasis_becter, uniq_terence,
          uniq_crazy_yiuf_cottage
D:4:      layout_basic, kennysheep_mini_moat, xom_redecorated
D:7:      layout_cave_pools, fedhas_altar_1, uniq_maggie

Skill      XL: |  1  2  3  4  5  6 |
---------------+-------------------+-----
Polearms       | 3 |  3.0
Dodging        | 3 |  3.1
Shields        | 1 3 |  3.5
Unarmed Combat | 1 2 3 |  3.4
Armour         | 2 |  2.9
Fighting       | |  2.0
Throwing       | |  1.7

Action                   |  1- 3 |  4- 6 || total
-------------------------+-------+-------++-------
Melee: Trident           |    37 |       ||    37
       Unarmed           |   147 |   305 ||   452
  Use: Potion            |       |     2 ||     2
 Stab: Sleeping          |     1 |       ||     1
Armor: Leather armour    |    54 |       ||    54
       Scale mail        |       |   100 ||   100
Dodge: Dodged            |   107 |   137 ||   244
Block: Buckler           |    33 |    54 ||    87

Table legend: (Time is in decaauts)
 A = Elapsed time spent in this place.
 B = Non-inter-level travel time spent in this place.
 C = Inter-level travel time spent in this place.
 D = Time resting spent in this place.
 E = Time spent auto-exploring this place.
 F = Levels seen in this place.
 G = Mean time per level.
                   A        B        C        D        E       F      G
               +--------+--------+--------+--------+--------+-----+--------+
         Total |   4301 |   4204 |     97 |   1266 |   1996 |   5 |  860.2 |
       Dungeon |   4301 |   4204 |     97 |   1266 |   1996 |   5 |  860.2 |
               +--------+--------+--------+--------+--------+-----+--------+

Top non-repeatable levels by time:
     D:1: 1922 daAuts
     D:3: 1094 daAuts
     D:2: 1069 daAuts
     D:4: 196 daAuts
     D:7: 19 daAuts
